 Dungeon Crawl Stone Soup version 0.31.0-11-ge490571c62 (webtiles) character file.

Game seed: 6931803987413358086

2348 monsoonserge the Skirmisher (level 9, -2/42 HPs)
             Began as a Spriggan Hexslinger on Jan 30, 2024.
             Was an Initiate of Gozag.
             Killed by divine providence
             ... invoked by an orc priest
              (9 damage)
             ... on level 8 of the Dungeon.
             The game lasted 00:25:25 (4023 turns).

monsoonserge the Skirmisher (Spriggan Hexslinger)   Turns: 4023, Time: 00:25:26

Health: -2/42      AC:  6    Str:  4    XL:     9   Next: 20%
Magic:  13/14      EV: 17    Int: 14    God:    Gozag
Gold:   222        SH:  6    Dex: 22    Spells: 12/14 levels left

rFire   + . .        a - +1 sling
rCold   . . .        n - +0 buckler
rNeg    . . .        c - +0 robe
rPois   +            x - +2 hat
rElec   .            G - +1 cloak {rPois}
rCorr   .            (gloves unavailable)
SInv    +            (boots unavailable)
Will    .....        r - amulet of regeneration
Stlth   ++           p - ring of protection from fire
HPRegen 1.07/turn    (no ring)
MPRegen 0.14/turn

%: no passive effects
@: weak-willed, jinxed, slowed, quick
A: very small, no large weapons, unfitting armour, see invisible, speed 3
a: Renounce Religion, Potion Petition, Call Merchant, Bribe Branch


You were on level 8 of the Dungeon.
You worshipped Gozag.
Gozag was aware of your devotion.
You visited 2 branches of the dungeon, and saw 9 of its levels.

You collected 301 gold pieces.
You paid 79 gold pieces to Gozag.

Inventory:

Hand Weapons
 a - a +1 sling (weapon)
Missiles
 u - 3 curare-tipped darts
Armour
 c - a +0 robe (worn)
 n - a +0 buckler (worn)
 x - a +2 hat (worn)
 G - a +1 cloak of poison resistance (worn)
Jewellery
 p - a ring of protection from fire (left hand)
 r - an amulet of regeneration (around neck)
Wands
 A - a wand of flame (26)
 D - a wand of digging (8)
 F - a wand of charming (6)
Scrolls
 b - 2 scrolls of poison
 d - a scroll of silence {unknown}
 e - 3 scrolls of revelation {unknown}
 i - 4 scrolls of teleportation {unknown}
 j - 2 scrolls of fear {unknown}
 k - 2 scrolls of fog {unknown}
 l - a scroll of blinking {unknown}
 o - a scroll of immolation {unknown}
 q - a scroll of enchant weapon {unknown}
 s - 3 scrolls of identify {unknown}
 t - 2 scrolls of noise {unknown}
 v - 2 scrolls of vulnerability {unknown}
 w - a scroll of butterflies {unknown}
 y - a scroll of torment {unknown}
 B - a scroll of enchant armour {unknown}
 C - 2 scrolls of amnesia {unknown}
Potions
 f - 3 potions of enlightenment {unknown}
 g - 3 potions of curing {unknown}
 h - a potion of cancellation {unknown}
 m - 2 potions of lignification {unknown}
 z - 2 potions of degeneration {unknown}
 E - a potion of might {unknown}


   Skills:
 - Level 2.0 Fighting
 * Level 10.7 Ranged Weapons
 - Level 3.0 Dodging
 - Level 1.0 Stealth
 * Level 3.2 Shields
 - Level 3.0 Spellcasting
 + Level 5.1 Hexes
 + Level 0.7 Fire Magic


You had 12 spell levels left.
You knew the following spells:

 Your Spells              Type           Power      Damage    Failure   Level
a - Jinxbite              Hex            32%        N/A       8%          2

Your spell library contained the following spells:

 Spells                   Type           Power      Damage    Failure   Level
 Sigil of Binding         Hex            16%        N/A       14%         3
 Foxfire                  Conj/Fire      12%        2x1d4     34%         1
 Inner Flame              Hex/Fire       10%        N/A       36%         3
 Cause Fear               Hex            8%         N/A       43%         4
 Sublimation of Blood     Necr           2%         N/A       52%         2
 Gell's Gravitas          Tloc           2%         N/A       75%         3
 Teleport Other           Tloc           2%         N/A       75%         3
 Dimensional Bullseye     Hex/Tloc       4%         N/A       80%         4
 Petrify                  Alch/Erth      2%         N/A       98%         4
 Irradiate                Conj/Alch      1%         3d12      100%        5
 Dispersal                Tloc           1%         N/A       100%        6
 Plasma Beam              Fire/Air       1%         2x1d11    100%        6
 Starburst                Conj/Fire      1%         6d3       100%        6


Dungeon Overview and Level Annotations

Branches:
Dungeon (8/15)             Temple (1/1) D:7
   Lair: D:8-11

Altars:
Ashenzari
Cheibriados
Dithmenos
Elyvilon
Fedhas
Gozag
Hepliaklqana
Kikubaaqudgha
Makhleb
Nemelex Xobeh
Okawaru
Qazlal
Ru
Sif Muna
Trog
Uskayaw
Vehumet
Wu Jian
Xom
Yredelemnul
Zin
The Shining One

Annotations:
D:2 Sigmund
D:5 Dowan, Duvessa, Eustachio, Pikel
D:6 Jeremiah; Xavori's ghost, novice DjCK
D:8 Gastronok


Innate Abilities, Weirdness & Mutations

You are very small and have problems with some larger weapons.
You are too small for most types of armour.
You have supernaturally acute eyesight. (SInv)
You cover ground extremely quickly. (Speed+++)


Message History

Found 11 gold pieces.
An orc warrior comes into view. It is wielding a +0 dire flail.
A vampire comes into view.
Found a leather armour.
The orc warrior shouts!
You hear a shout! x3
The vampire moves out of view.
Casting: Jinxbite (safe; 8% risk of failure)
Confirm with . or Enter, or press ? or * to list all spells.
You beckon some vexing sprites to accompany your attacks.
You feel your willpower being sapped.
An orc and an orc priest come into view.
The orc priest is wielding a +1 mace of protection.
An orc priest comes into view. It is wielding a +0 mace.
An orc comes into view. It is wielding a +0 dagger.
Found a stone staircase leading up.
The orc priest shouts!
You hear a shout!
The orc warrior closely misses you.
An orc warrior and an orc come into view.
The orc warrior shouts!
The orc shouts!
The orc priest barely misses you. The orc closely misses you.
An orc priest comes into view. It is wielding a +0 club.
Found a scroll labelled BUTWUU VOMUP.
The orc priest shouts!
The orc warrior attacks as it pursues you!
The orc warrior hits you with a +0 dire flail!
The orc priest mumbles some strange prayers to Beogh against you.
Pain shoots through your body!
* * * LOW HITPOINT WARNING * * *
The orc misses you. The orc priest misses you.
The orc warrior hits you from afar with a +0 trident.
* * * LOW HITPOINT WARNING * * *
The orc hits you with a +0 falchion.
* * * LOW HITPOINT WARNING * * *
Unknown command.
The orc attacks as it pursues you! The orc completely misses you.
The orc priest invokes the aid of Beogh against you.
Beogh smites you!
You die...
Your body crumbles into a pile of gold.

#.## #...# #.# ##..# #
#.# #..# .# #.# #..# ..#
#.# #..#########..# #.#
####..##.....#...#
#w####................#
#...............o.....#
.........($..ooo@.....#
.........V....o.o.<....#
........................
...$.........[.o........
...$..............#.....
..................#.....
.................#o ..##
.....................##
.w.................?#


You could see a vampire, 2 orc warriors, 3 orc priests and 3 orcs.

Vanquished Creatures
  Maurice (D:7)
  Prince Ribbit (D:7)
  A hornet (D:7)
  A wyvern (D:8)
  Edmund (D:4)
  An orc warrior (D:7)
  An ice beast (D:5)
  A black bear (D:7)
  A phantom (D:5)
  A bullfrog (D:6)
  2 scorpions
  A gnoll sergeant (D:6)
  A howler monkey (D:8)
  2 jellies
  3 bombardier beetles
  A gnoll bouda (D:6)
  2 hounds (D:5)
  2 sleepcaps
  Terence (D:2)
  3 iguanas
  3 orc wizards
  12 gnolls
  3 adders
  2 ufetubi (D:6)
  3 dart slugs
  A ribbon worm (D:2)
  The ghost of pigah the Changeling, a weakling OpSh (D:3)
  15 orcs
  4 endoplasms
  6 giant cockroaches
  9 goblins
  7 hobgoblins
  5 jackals
  6 kobolds
  4 quokkas
  7 ball pythons
  4 bats
  4 frilled lizards
  8 rats
132 creatures vanquished.

Notes
Turn   | Place    | Note
-------+----------+-------------------------------------------
     0 | D:1      | monsoonserge the Spriggan Hexslinger began the quest for
                  | the Orb.
     0 | D:1      | Reached XP level 1. HP: 9/9 MP: 3/3
   137 | D:1      | Reached XP level 2. HP: 14/14 MP: 5/5
   166 | D:1      | Reached skill level 1 in Fighting
   276 | D:1      | Learned a level 2 spell: Jinxbite
   395 | D:1      | Reached skill level 3 in Ranged Weapons
   484 | D:1      | Found a faded altar of an unknown god.
   487 | D:1      | Reached XP level 3. HP: 18/18 MP: 6/6
   880 | D:2      | Noticed Terence
   964 | D:2      | Noticed Sigmund
  1043 | D:2      | Killed Terence
  1044 | D:2      | Reached skill level 4 in Ranged Weapons
  1044 | D:2      | Reached XP level 4. HP: 22/22 MP: 4/7
  1409 | D:3      | Found a runed translucent gate.
  1410 | D:3      | Found a runed translucent gate.
  1410 | D:3      | Found a runed translucent gate.
  1412 | D:3      | Noticed pigah's ghost (weakling OpSh)
  1417 | D:3      | Killed pigah's ghost
  1454 | D:3      | Reached skill level 5 in Ranged Weapons
  1454 | D:3      | Reached XP level 5. HP: 25/25 MP: 4/8
  1518 | D:3      | Reached skill level 1 in Shields
  1743 | D:4      | Noticed Edmund
  1966 | D:3      | Reached XP level 6. HP: 27/30 MP: 2/10
  2177 | D:4      | Killed Edmund
  2178 | D:4      | Reached skill level 6 in Ranged Weapons
  2307 | D:5      | Entered Level 5 of the Dungeon
  2337 | D:5      | Noticed an ice beast
  2350 | D:5      | Killed an ice beast
  2351 | D:5      | Reached XP level 7. HP: 33/33 MP: 8/11
  2387 | D:5      | Reached skill level 7 in Ranged Weapons
  2507 | D:5      | Noticed Pikel
  2554 | D:5      | Noticed Duvessa
  2554 | D:5      | Noticed Dowan
  2595 | D:5      | Noticed Eustachio
  2607 | D:6      | Noticed Jeremiah
  2864 | D:6      | Reached XP level 8. HP: 30/39 MP: 13/13
  3008 | D:6      | Reached skill level 8 in Ranged Weapons
  3122 | D:6      | Reached skill level 1 in Stealth
  3148 | D:6      | Noticed Xavori's ghost (novice DjCK)
  3236 | D:7      | Noticed Prince Ribbit
  3244 | D:7      | Noticed Maurice
  3267 | D:7      | Killed Prince Ribbit
  3277 | D:7      | Maurice stole 3 curare-tipped darts
  3279 | D:7      | Maurice stole 170 gold
  3292 | D:7      | Killed Maurice
  3293 | D:7      | Reached skill level 9 in Ranged Weapons
  3385 | D:7      | Found a staircase to the Ecumenical Temple.
  3393 | Temple   | Entered the Ecumenical Temple
  3406 | Temple   | Became a worshipper of Gozag Ym Sagoz the Greedy
  3425 | D:7      | Noticed a hornet
  3436 | D:7      | Killed a hornet
  3437 | D:7      | Reached skill level 10 in Ranged Weapons
  3449 | D:7      | Reached XP level 9. HP: 42/42 MP: 14/14
  3627 | D:7      | Found a shadowy altar of Dithmenos.
  3630 | D:7      | Found an iron altar of Okawaru.
  3633 | D:7      | Found a broken altar of Ashenzari.
  3786 | D:7      | Found a hazy altar of Hepliaklqana.
  3871 | D:7      | Reached skill level 5 in Hexes
  3931 | D:8      | Found an ornate altar of the Wu Jian Council.
  3947 | D:8      | Found a shimmering altar of Xom.
  3972 | D:8      | Noticed Gastronok
  4023 | D:8      | Killed from afar by an orc priest

Illustrated notes

Levels and vault maps discovered:
D:1:      dpeg_arrival_round_b, layout_basic, ebering_ecumenical_altar_mist
D:2:      layout_basic, uniq_sigmund, uniq_terence
D:3:      layout_basic, ebering_ghost_rock_garden, minmay_misc_feat_square
D:4:      layout_rooms, uniq_edmund
D:5:      layout_gridville, serial_shops, nicolae_shop_real_fake_doors,
          grunt_ministairs_14, grunt_decor_one_mirror, hangedman_decor_lopped,
          uniq_eustachio, uniq_duvessa, uniq_blork_the_orc, uniq_grinder,
          uniq_pikel
D:6:      layout_loops_ring, gammafunk_ghost_icy, uniq_jeremiah
D:7:      layout_basic, nicolae_overflow_hidden_temple,
          grunt_temple_overflow_diamond, minmay_temple_entry_glassed_door,
          uniq_prince_ribbit1, uniq_maurice
D:8:      layout_layer_cave, mainiacjoe_overflow_swirl, serial_shops, shop,
          lightli_orcish_oven, uniq_gastronok, uniq_psyche
Temple:   nicolae_temple_bog_church

Skill      XL: |  1  2  3  4  5  6  7  8  9 |
---------------+----------------------------+-----
Fighting       | 1 2 |  2.0
Ranged Weapons | 3 4 5 6 7 10 | 10.7
Shields        | 1 2 3 |  3.2
Spellcasting   | 2 3 |  3.0
Dodging        | 3 |  3.0
Hexes          | 4 5 |  5.1
Stealth        | 1 |  1.0
Fire Magic     | |  0.7

Action                     |  1- 3 |  4- 6 |  7- 9 || total
---------------------------+-------+-------+-------++-------
   Fire: Sling             |   125 |   183 |   244 ||   552
   Cast: Jinxbite          |     5 |    12 |    29 ||    46
 Armour: Robe              |    15 |    38 |    43 ||    96
  Dodge: Dodged            |    58 |    54 |    86 ||   198
  Block: Buckler           |       |    17 |    31 ||    48
